 Dungeon Crawl Stone Soup version 0.20.0-15-g7f486f2 (webtiles) character file.

4634 straycat the Nimble (level 10, -6/69 HPs)
             Began as a Vampire Wanderer on June 27, 2017.
             Was a Priest of Hepliaklqana.
             Killed from afar by an electric eel (11 damage)
             ... with a bolt of electricity
             ... on level 1 of the Lair of Beasts.
             The game lasted 01:09:38 (8799 turns).

straycat the Nimble (Vampire Wanderer)              Turns: 8799, Time: 01:09:38

Health: -6/69      AC: 10    Str: 12    XL:     10   Next: 20%
Magic:  16/16      EV: 19    Int: 13    God:    Hepliaklqana [***...]
Gold:   253        SH:  0    Dex: 18    Spells: 3/17 levels left

rFire    + + .     SeeInvis +   a - +2 hand crossbow
rCold    . . .     Gourm    .   (no shield)
rNeg     + . .     Faith    +   d - +0 ring mail "Susuj" {rF++ Regen+}
rPois    .         Spirit   .   (no helmet)
rElec    .         Reflect  .   I - +2 cloak
rCorr    .         Harm     .   G - +0 pair of gloves
MR       +....                  (no boots)
Stlth    ++++......             o - amulet of faith
Regen    0.7/turn               C - +1 ring of protection
MPRegen  0.2/turn               s - +2 ring of evasion

@: lethally poisoned (-6 -> -55), infused
A: reduced essence, fangs 3, see invisible, unbreathing
a: Bat Form, Recall Ancestor, Ancestor Identity, Transference, Renounce Religion


You were on level 1 of the Lair of Beasts.
You worshipped Hepliaklqana.
Hepliaklqana was most pleased with you.
You were not thirsty.

You visited 3 branches of the dungeon, and saw 10 of its levels.

You collected 460 gold pieces.
You spent 207 gold pieces at shops.

Inventory:

Hand Weapons
 a - a +2 hand crossbow (weapon)
 f - a +0 scimitar
 t - a +0 dagger of venom
 A - a +1 short sword of protection
 F - the +2 trident "Qaidiec" {pierce, rC+ Str+5 Int-4 Dex+2}
   (You found it on level 7 of the Dungeon)

   It inflicts extra damage upon your enemies.
   It affects your strength (+5).
   It affects your intelligence (-4).
   It affects your dexterity (+2).
   It protects you from cold.
 L - a +0 war axe of chopping
Missiles
 b - 46 bolts (quivered)
 i - 47 poisoned needles
 k - 109 sling bullets
 l - 258 arrows
Armour
 d - the +0 ring mail "Susuj" (worn) {rF++ Regen+}
   (You bought it in a shop on level 8 of the Dungeon)

   It greatly protects you from fire.
   It increases your rate of regeneration.
 j - a +0 shield
 G - a +0 pair of gloves (worn)
 I - a +2 cloak (worn)
Jewellery
 c - an uncursed ring of positive energy
 o - an amulet of faith (around neck)
 p - an uncursed ring of ice
 s - a +2 ring of evasion (right hand)
 C - a +1 ring of protection (left hand)
Wands
 y - a wand of digging (8/24)
 B - a wand of random effects (47/48)
Scrolls
 e - a scroll of blinking
 r - 3 scrolls of recharging
 u - 4 scrolls of teleportation
 E - a scroll of remove curse
 K - 2 scrolls of fog
Potions
 g - a potion of resistance
 m - 17 potions of blood
 q - a potion of heal wounds
 v - 3 potions of haste
 x - a potion of might {unknown}
 H - a potion of cancellation
 J - 2 potions of mutation


   Skills:
 + Level 6.4 Fighting
 - Level 1.0 Crossbows
 - Level 1.5 Throwing
 + Level 1.3 Armour
 * Level 10.5 Dodging
 + Level 9.3 Stealth
 - Level 4.2 Spellcasting
 - Level 5.1 Hexes
 - Level 5.0 Charms


You had 3 spell levels left.
You knew the following spells:

 Your Spells              Type           Power        Failure   Level  Hunger
a - Infusion              Chrm           ###.         6%          1    None
b - Slow                  Hex            ###.....     9%          2    ##.....
c - Regeneration          Chrm/Necr      #.........   43%         3    ###....
d - Ozocubu's Armour      Chrm/Ice       #.......     43%         3    ###....
e - Magic Dart            Conj           #...         41%         1    None
f - Freeze                Ice            #...         41%         1    None
g - Blink                 Tloc           N/A          56%         2    ##.....
h - Sting                 Conj/Pois      #...         41%         1    None


Dungeon Overview and Level Annotations

Branches:
Dungeon (8/15)             Temple (1/1) D:4            Lair (1/6) D:8

Altars:
Ashenzari
Cheibriados
Dithmenos
Elyvilon
Fedhas
Gozag
Hepliaklqana
Kikubaaqudgha
Makhleb
Nemelex Xobeh
Okawaru
Qazlal
Ru
Sif Muna
Trog
Uskayaw
Vehumet
Xom
Yredelemnul
Zin
The Shining One

Shops:
D:8 [


Innate Abilities, Weirdness & Mutations

You have razor-sharp teeth.
You have supernaturally acute eyesight. (SInv)
You can survive without breathing.
Your life essence is reduced. (-10% HP)


Message History

You feel very sick.
The spiny frog stings you but does no damage.
The electric eel shoots out a bolt of lightning at you!
The bolt of electricity hits you!
* * * LOW HITPOINT WARNING * * *
Seras hits the spiny frog with a quarterstaff!
The water moccasin bites you!
* * * LOW HITPOINT WARNING * * *
You are more poisoned.
The water moccasin poisons you!
The spiny frog closely misses Seras.
There is a staircase back to the Dungeon here.
* * * LOW HITPOINT WARNING * * *
You feel very sick. The water moccasin bites you.
* * * LOW HITPOINT WARNING * * *
You are more poisoned.
The water moccasin poisons you!
The electric eel shoots out a bolt of lightning at you!
The bolt of electricity hits you!
You die...

(........$........
..................
..................
..................
##......#..♣..
#..(.....(≈.P.
##......≈..≈.≈
##RFS#P≈≈≈≈≈≈
#..@#♣.≈≈≈≈≈
..........;.≈≈≈≈
..........≈≈≈≈≈≈
.....(...(≈≈≈≈≈≈
...##.....≈≈≈≈.≈
.## #.....P≈≈≈≈≈
.......P≈≈≈
#.....#....P


You could see the friendly Seras the battlemage, a spiny frog, a water moccasin
and an electric eel.

Vanquished Creatures
  Joseph (D:7)
  A troll (D:8)
  Sigmund (D:3)
  4 yaks (D:8)
  An ice beast (D:8)
  A black bear (D:5)
  4 ogres
  A sky beast (D:6)
  A wolf (D:8)
  Blork the orc (D:6)
  2 bullfrogs (D:6)
  A gnoll sergeant (D:8)
  2 wights (D:8)
  An electric eel (D:8)
  2 howler monkeys
  A crimson imp (D:6)
  The ghost of Zachthehappycat the Chiller, a weakling DEIE (D:4)
  A jelly (D:7)
  2 orc priests (D:4)
  3 hounds
  A human zombie (D:8)
  A centaur skeleton (D:4)
  7 orc wizards
  Jessica (D:3)
  6 worker ants
  A hound skeleton (D:4)
  4 adders
  3 gnolls (D:7)
  A shadow imp (D:7)
  An ooze (D:4)
  2 adder skeletons (D:4)
  2 worms
  A dart slug (D:1)
  7 leopard geckos
  23 orcs
  A giant cockroach (D:3)
  5 goblins
  7 hobgoblins
  9 jackals
  6 kobolds
  5 quokkas
  9 bats
  3 frilled lizards
  A goblin zombie (D:8)
  A quokka skeleton (D:4)
  8 rats
148 creatures vanquished.

Vanquished Creatures (collateral kills)
  A human (D:8)
  An orc warrior (D:8)
  A black bear (D:6)
  A sky beast (D:7)
  An ogre (D:8)
  3 centaurs
  3 bullfrogs
  2 wights (D:8)
  An electric eel (D:8)
  A crimson imp (D:7)
  A bullfrog zombie (D:6)
  6 hounds
  2 orc priests
  A hound zombie (D:7)
  5 gnolls
  2 adders (D:8)
  5 orcs
  A plant (Lair:1)
38 creatures vanquished.

Vanquished Creatures (others)
  A wight (D:8)
  2 ancestors
  4 battlemagi
  2 gnolls (D:8)
9 creatures vanquished.

Grand Total: 195 creatures vanquished

Notes
Turn   | Place    | Note
-------+----------+-------------------------------------------
     0 | D:1      | straycat the Vampire Wanderer began the quest for the Orb.
     0 | D:1      | straycat set off with: a +2 hand crossbow, 29 bolts, the Handbook of Dark Rituals, Rijiza's Disquisition on Boosts, a +0 robe, a potion of blood
     0 | D:1      | Reached XP level 1. HP: 16/16 MP: 3/3
     0 | D:1      | Identified the Handbook of Dark Rituals
     0 | D:1      | Identified Rijiza's Disquisition on Boosts
    17 | D:1      | Learned a level 1 spell: Infusion
   199 | D:1      | Reached skill level 1 in Dodging
   246 | D:1      | Reached XP level 2. HP: 22/22 MP: 5/5
   330 | D:1      | Reached skill level 1 in Charms
   781 | D:2      | Reached skill level 2 in Dodging
   781 | D:2      | Reached XP level 3. HP: 21/27 MP: 6/6
  1047 | D:2      | Found a glowing golden altar of the Shining One.
  1147 | D:2      | Found a shadowy altar of Dithmenos.
  1320 | D:3      | Noticed Sigmund
  1325 | D:3      | Killed Sigmund
  1325 | D:3      | Reached skill level 4 in Dodging
  1325 | D:3      | Reached XP level 4. HP: 34/34 MP: 7/7
  1325 | D:3      | Reached XP level 5. HP: 40/40 MP: 8/8
  1634 | D:3      | Noticed Jessica
  1638 | D:3      | Killed Jessica
  1638 | D:3      | Reached XP level 6. HP: 31/47 MP: 9/9
  1769 | D:3      | Learned a level 2 spell: Slow
  1773 | D:3      | Learned a level 3 spell: Regeneration
  1777 | D:3      | Learned a level 3 spell: Ozocubu's Armour
  2126 | D:3      | Reached skill level 1 in Stealth
  2365 | D:4      | HP: 2/47 [worker ant (4)]
  2368 | D:4      | Reached skill level 5 in Dodging
  2760 | D:4      | Reached XP level 7. HP: 34/52 MP: 10/10
  2979 | D:3      | Learned a level 1 spell: Magic Dart
  3505 | D:4      | Noticed Zachthehappycat's ghost (weakling DEIE)
  3511 | D:4      | Killed Zachthehappycat's ghost
  3659 | D:4      | Found a staircase to the Ecumenical Temple.
  3669 | Temple   | Entered the Ecumenical Temple
  3713 | Temple   | Became a worshipper of Hepliaklqana the Forgotten
  4060 | D:4      | Reached skill level 6 in Dodging
  4139 | D:5      | Entered Level 5 of the Dungeon
  4741 | D:5      | Reached XP level 8. HP: 54/54 MP: 11/11
  5038 | D:6      | Reached * piety under Hepliaklqana
  5327 | D:6      | Noticed Blork the orc
  5339 | D:6      | Killed Blork the orc
  5339 | D:6      | Reached skill level 7 in Dodging
  5339 | D:6      | Reached skill level 5 in Stealth
  5377 | D:6      | Found a hide-covered altar of Uskayaw.
  5461 | D:6      | Reached skill level 5 in Hexes
  5543 | D:6      | Reached skill level 5 in Charms
  5639 | D:6      | Reached ** piety under Hepliaklqana
  5640 | D:6      | Remembered your ancestor Seras as a battlemage
  6026 | D:7      | Reached skill level 8 in Dodging
  6094 | D:7      | Found a radiant altar of Vehumet.
  6143 | D:7      | Noticed Joseph
  6167 | D:7      | Killed Joseph
  6167 | D:7      | Reached skill level 5 in Fighting
  6167 | D:7      | Reached XP level 9. HP: 20/61 MP: 11/13
  6186 | D:7      | Learned a level 1 spell: Freeze
  6189 | D:7      | Learned a level 2 spell: Blink
  6627 | D:7      | Got a smoking trident
  6670 | D:7      | Identified the +2 trident "Qaidiec" {pierce, rC+ Str+5 Int-4 Dex+2} (You found it on level 7 of the Dungeon)
  7102 | D:8      | Reached skill level 9 in Dodging
  7311 | D:8      | Found a staircase to the Lair.
  7489 | D:8      | Noticed a troll
  7493 | D:8      | Killed a troll
  7529 | D:8      | Reached skill level 10 in Dodging
  7793 | D:8      | Found a runed door.
  7799 | D:8      | Found a basalt altar of Yredelemnul.
  7846 | D:8      | Reached XP level 10. HP: 68/68 MP: 16/16
  8006 | D:8      | Found a snail-covered altar of Cheibriados.
  8268 | D:8      | Reached skill level 1 in Armour
  8281 | D:8      | Learned a level 1 spell: Sting
  8606 | D:8      | Found Tiujare's Antique Armour Emporium.
  8629 | D:8      | Bought a bloodstained ring mail for 207 gold pieces
  8639 | D:8      | Identified the cursed +0 ring mail "Susuj" {rF++ Regen+} (You bought it in a shop on level 8 of the Dungeon)
  8677 | D:8      | Found a sacrificial altar of Ru.
  8779 | Lair:1   | Entered Level 1 of the Lair of Beasts
  8781 | Lair:1   | Reached *** piety under Hepliaklqana
  8782 | Lair:1   | Noticed a spiny frog
  8799 | Lair:1   | Killed from afar by an electric eel

Skill      XL: |  1  2  3  4  5  6  7  8  9 10 |
---------------+-------------------------------+-----
Dodging        | 1 2 4 5 6 8 10 | 10.5
Fighting       | 2 3 4 5 6 |  6.4
Charms         | 1 2 3 4 5 |  5.0
Stealth        | 2 4 6 8 9 |  9.3
Hexes          | 5 |  5.1
Spellcasting   | 4 |  4.2
Armour         | 1 |  1.3
Crossbows      | |  1.0
Throwing       | |  1.5

Action                   |  1- 3 |  4- 6 |  7- 9 | 10-12 || total
-------------------------+-------+-------+-------+-------++-------
Melee: Rapier            |       |       |    20 |       ||    20
       Bite              |       |       |     9 |       ||     9
       Trident           |       |       |    48 |       ||    48
       Short sword       |       |       |    14 |       ||    14
 Fire: Hand crossbow     |    91 |   103 |   234 |    40 ||   468
 Cast: Infusion          |       |     4 |    11 |     2 ||    17
       Slow              |       |     1 |     8 |       ||     9
       Ozocubu's Armour  |       |       |     4 |       ||     4
       Regeneration      |       |       |     2 |       ||     2
Invok: Ancestor Identity |       |       |     1 |       ||     1
       Ancestor Life: Ba |       |       |     1 |       ||     1
       Recall Ancestor   |       |       |     1 |       ||     1
Evoke: Wand              |       |       |       |    11 ||    11
  Use: Potion            |       |     7 |    14 |       ||    21
       Scroll            |       |    12 |    10 |     2 ||    24
 Stab: Sleeping          |       |       |     2 |       ||     2
  Eat: Corpse            |       |     2 |     5 |       ||     7
Armor: Leather armour    |    18 |    19 |    42 |       ||    79
       Ring mail         |       |       |     6 |     3 ||     9
       Scale mail        |       |       |    10 |     6 ||    16
Dodge: Dodged            |    25 |    44 |   260 |    38 ||   367
Block: Shield            |       |       |     4 |       ||     4
